AoeStats
← Govekin

Arena

509526612Analyzed
4v4 RM · 4d ago on Sep 27, 2026· 99m 33s· 8 players
Game mode
Random Map
Map size
Large (8 player)
Population
200
Speed
Normal
Resources
Standard
Victory
Conquest
Starting age
Dark Age
Ending age
Imperial Age
RankedLock teamsTeams togetherTeam positionsShared explorationLock speedFull tech treeHidden civsTurbo modeCheats
Victory
Defeat
🇨🇱 Teutons · Chile
900
+14
🇨🇱 Georgians · Chile
870
+15
817
+17
🇨🇱 Cumans · Chile
693
+23
🇨🇱 Byzantines · Chile
865
-49
🇨🇱 Ethiopians · Chile
863
-17
🇺🇾 Bohemians · Uruguay
856
-18
🇰🇷 Spanish · South Korea
808
-16
The_br4ve ®
10:59 Feudal Age
15:24 Castle Age
13:50 Double-Bit Axe
15:08 Horse Collar
19:11 Bow Saw
21:27 Wheelbarrow
21:45 Heavy Plow
22:16 Loom
22:57 Gold Mining
24:34 Stone Mining
27:03 Pikeman
29:30 Forging
30:36 Bloodlines
31:07 Iron Casting
32:54 Hand Cart
33:49 Scale Mail Armor
33:57 Scale Barding Armor
36:39 Imperial Age
34:58 Crossbowman
36:09 Husbandry
38:38 Blast Furnace
38:45 Town Watch
39:21 Aznauri Cavalry
40:10 Crop Rotation
40:15 Chain Barding Armor
40:23 Elite Skirmisher
42:50 Plate Barding Armor
43:14 Stone Shaft Mining
42:35 Fletching
44:06 Town Patrol
44:16 Capped Ram
46:10 Conscription
45:53 Bodkin Arrow
46:17 Elite Monaspa
47:55 Bracer
48:07 Padded Archer Armor
48:11 Capped Ram
49:17 Siege Engineers
50:21 Heavy Scorpion
51:16 Murder Holes
51:42 Ballistics
52:25 Chemistry
52:41 Leather Archer Armor
54:24 Masonry
60:46 Cavalier
64:26 Architecture
66:37 Treadmill Crane
67:58 Siege Ram
73:10 Fortified Wall
97:51 Caravan
98:33 Spies/Treason
El Cachero de las Pampas
10:38 Feudal Age
15:40 Castle Age
13:52 Double-Bit Axe
17:25 Bow Saw
26:26 Wheelbarrow
26:54 Loom
30:27 Gold Mining
30:28 Stone Mining
31:18 Husbandry
32:44 Forging
32:40 Scale Barding Armor
32:37 Scale Mail Armor
32:28 Fletching
32:32 Treadmill Crane
33:03 Fortified Wall
32:49 Murder Holes
34:01 Gold Shaft Mining
33:49 Hand Cart
36:06 Imperial Age
33:43 Caravan
34:15 Elite Skirmisher
35:09 Bodkin Arrow
36:08 Iron Casting
35:35 Padded Archer Armor
36:13 Ballistics
37:40 Chivalry
38:01 Conscription
37:10 Cavalier
38:53 Blast Furnace
38:14 Chain Barding Armor
38:52 Town Watch
38:37 Paladin
41:31 Chemistry
40:37 Siege Engineers
40:43 Masonry
41:12 Plate Barding Armor
43:04 Chain Mail Armor
43:05 Leather Archer Armor
43:39 Hoardings
45:39 Light Cavalry
56:28 Elite Throwing Axeman
63:31 Plate Mail Armor
63:36 Architecture
63:10 Town Patrol
62:38 Ordonnance Companies
68:09 Spies/Treason
71:17 Careening
71:11 Arrowslits
71:56 Clinker Construction
71:40 Guard Tower
71:55 Siphons
73:14 Dry Dock
73:15 Carvel Hull
73:35 Coinage
72:32 Pikeman
74:17 Halberdier
74:43 Arson
74:59 Squires
74:45 Gambesons
74:20 Man-at-Arms
75:42 Heavy Mounted Crossbowman
75:43 Cranequins
75:43 Crossbowman
75:56 Long Swordsman
97:28 Banking
97:57 Fervor
98:08 Sanctity
97:49 Devotion
98:08 Block Printing
98:23 Illumination
97:53 Herbal Medicine
98:35 Theocracy
98:20 Heresy
Gelblich
12:00 Feudal Age
15:47 Castle Age
15:01 Double-Bit Axe
23:29 Fervor
23:21 Loom
24:11 Wheelbarrow
24:54 Horse Collar
25:34 Hand Cart
30:58 Imperial Age
29:04 Caravan
29:14 Heavy Plow
29:30 Bow Saw
31:40 Forging
31:31 Scale Mail Armor
31:37 Scale Barding Armor
31:23 Fletching
31:34 Padded Archer Armor
33:14 Town Watch
33:32 Gold Mining
33:33 Stone Mining
34:16 Crop Rotation
34:48 Two-Man Saw
33:52 Elite Skirmisher
34:10 Cavalier
35:00 Bloodlines
35:33 Iron Casting
34:54 Bodkin Arrow
35:15 Leather Archer Armor
35:16 Chain Mail Armor
36:35 Chemistry
35:57 Ballistics
37:42 Blast Furnace
37:03 Chain Barding Armor
37:46 Blast Furnace
37:47 Crenellations
37:53 Conscription
39:11 Masonry
39:07 Siege Engineers
38:41 Paladin
39:54 Plate Mail Armor
39:56 Ring Archer Armor
39:00 Pikeman
39:41 Squires
45:34 Plate Barding Armor
47:00 Fortified Wall
50:51 Halberdier
51:17 Arson
53:57 Guilds
54:18 Coinage
57:56 Elite Teutonic Knight
60:10 Capped Ram
70:10 Redemption
70:02 Atonement
70:23 Sanctity
70:03 Devotion
70:29 Illumination
70:19 Block Printing
70:25 Heresy
70:41 Theocracy
70:00 Heated Shot
70:31 Bombard Tower
70:02 Guard Tower
70:18 Siphons
70:24 Clinker Construction
70:24 Careening
69:40 Onager
69:41 Heavy Scorpion
70:50 Ironclad
71:05 Hoardings
70:01 Sappers
69:56 Crossbowman
69:57 Heavy Mounted Crossbowman
71:19 Banking
72:36 Man-at-Arms
73:06 Gambesons
73:29 Long Swordsman
74:42 Town Patrol
79:23 Faith
79:41 Keep
78:52 Arrowslits
79:28 Carvel Hull
90:26 Spies/Treason
Govekin
14:57 Feudal Age
13:13 Loom
21:30 Castle Age
22:02 Bloodlines
22:28 Light Cavalry
29:56 Wheelbarrow
33:45 Steppe Husbandry
36:56 Double-Bit Axe
44:47 Hand Cart
44:17 Town Watch
44:19 Horse Collar
44:53 Bow Saw
44:52 Scale Barding Armor
44:50 Padded Archer Armor
44:40 Fletching
51:55 Heavy Plow
54:08 Fletching
65:54 Scale Mail Armor
66:17 Chain Barding Armor
66:08 Forging
72:07 Town Patrol
75:59 Caravan
82:27 Imperial Age
91:26 Scale Mail Armor
92:01 Iron Casting
92:01 Plate Barding Armor
91:22 Bodkin Arrow
91:42 Leather Archer Armor
90:54 Elite Steppe Lancer
92:16 Conscription
94:08 Masonry
94:09 Clinker Construction
93:51 Heated Shot
96:51 Guilds
97:34 Herbal Medicine
98:02 Heresy
98:02 Sanctity
97:43 Devotion
97:45 Atonement
97:56 Fervor
98:04 Careening
98:15 Ballistics
98:36 Coinage
99:21 Chemistry
98:56 Ring Archer Armor
98:42 Chain Mail Armor
99:08 Murder Holes
100:16 Blast Furnace
99:49 Banking
98:59 Cavalier
99:00 Hussar
100:03 Stone Mining
100:03 Gold Mining
Kanis
12:42 Feudal Age
14:37 Double-Bit Axe
19:33 Castle Age
17:45 Stone Mining
21:47 Bow Saw
23:25 Gold Mining
25:17 Squires
27:15 Wheelbarrow
30:42 Hand Cart
31:12 Gold Shaft Mining
35:32 Imperial Age
32:52 Town Watch
32:53 Loom
35:27 Town Patrol
37:34 Two-Man Saw
39:08 Chemistry
38:28 Ballistics
39:35 Conscription
38:42 Elite Shotel Warrior
38:54 Elite Skirmisher
40:41 Conscription
41:10 Scale Mail Armor
41:21 Forging
41:18 Horse Collar
41:51 Guilds
42:48 Chain Mail Armor
42:44 Forging
45:56 Arson
45:31 Halberdier
46:19 Padded Archer Armor
46:49 Plate Mail Armor
46:54 Iron Casting
46:10 Fletching
46:24 Royal Heirs
46:34 Murder Holes
47:31 Heavy Plow
52:48 Caravan
Taliel
12:08 Feudal Age
10:24 Loom
19:07 Castle Age
25:55 Imperial Age
27:03 Wheelbarrow
26:23 Gold Mining
26:26 Stone Mining
26:29 Double-Bit Axe
26:30 Horse Collar
29:03 Gold Shaft Mining
29:14 Bow Saw
30:29 Stone Shaft Mining
30:13 Scale Barding Armor
30:20 Forging
30:12 Padded Archer Armor
32:24 Heavy Plow
33:33 Two-Man Saw
32:45 Treadmill Crane
34:12 Conscription
33:36 Elite Skirmisher
35:08 Iron Casting
36:10 Hand Cart
38:09 Chain Barding Armor
37:40 Fletching
38:07 Leather Archer Armor
38:03 Thumb Ring
39:57 Plate Barding Armor
40:37 Hoardings
41:29 Elite Cataphract
42:15 Elite Cataphract
45:04 Ring Archer Armor
44:33 Bodkin Arrow
53:32 Bracer
61:48 Logistica
JulioApo
11:06 Feudal Age
12:56 Double-Bit Axe
15:43 Castle Age
13:36 Horse Collar
16:52 Bow Saw
16:46 Heavy Plow
17:52 Fervor
26:04 Wheelbarrow
25:16 Town Watch
25:17 Loom
28:14 Chemistry
28:34 Hand Cart
31:57 Imperial Age
31:07 Forging
30:48 Fletching
31:16 Pikeman
31:57 Squires
32:47 Bodkin Arrow
32:16 Houfnice
34:11 Two-Man Saw
34:14 Conscription
33:59 Halberdier
36:16 Iron Casting
35:42 Scale Mail Armor
36:22 Siege Engineers
39:19 Elite Hussite Wagon
39:31 Elite Skirmisher
40:15 Bracer
40:16 Padded Archer Armor
41:17 Blast Furnace
41:53 Leather Archer Armor
41:54 Chain Mail Armor
41:44 Scale Barding Armor
45:35 Ring Archer Armor
47:35 Chain Barding Armor
47:45 Plate Mail Armor
51:38 Ballistics
51:32 Masonry
57:51 Guard Tower
58:33 Architecture
58:14 Fortified Wall
Immortal Beihan
10:43 Feudal Age
15:06 Double-Bit Axe
17:58 Castle Age
17:54 Stone Mining
17:55 Gold Mining
17:48 Horse Collar
18:41 Padded Archer Armor
19:18 Stone Shaft Mining
18:46 Heavy Plow
22:20 Leather Archer Armor
23:43 Bow Saw
28:03 Wheelbarrow
27:54 Fervor
28:05 Sanctity
30:00 Husbandry
30:10 Bloodlines
31:08 Bloodlines
32:59 Loom
33:01 Town Watch
33:43 Scale Barding Armor
33:48 Forging
35:11 Chain Barding Armor
38:02 Imperial Age
36:19 Hand Cart
37:48 Ballistics
38:59 Block Printing
39:14 Illumination
39:24 Theocracy
39:14 Conscription
39:37 Ring Archer Armor
40:11 Cavalier
41:29 Plate Barding Armor
41:30 Iron Casting
41:58 Chemistry
40:56 Elite Conquistador
44:46 Paladin
47:16 Caravan
47:48 Inquisition
48:25 Hoardings
50:48 Two-Man Saw
51:23 Blast Furnace
50:25 Scale Mail Armor
51:39 Town Patrol
52:12 Coinage
51:53 Guilds
52:34 Pikeman
53:14 Squires
53:33 Chain Mail Armor
57:16 Plate Mail Armor
56:21 Halberdier
Connection lost

Rejoining the realm…

Still unreachable

The connection could not be restored.

Session expired

The server has moved on; the page needs a fresh start.